 Dungeon Crawl Stone Soup version 0.21.1-1-g345015fe64 (webtiles) character file.

10920 Yrqin the Severer (level 11, -5/102 HPs)
             Began as a Minotaur Berserker on May 31, 2018.
             Was a High Priest of Trog.
             Slain by an orc warrior
             ... wielding a +0 battleaxe
             ... led by Saint Roka
              (25 damage)
             ... on level 1 of the Orcish Mines.
             The game lasted 00:45:12 (10943 turns).

Yrqin the Severer (Minotaur Berserker)             Turns: 10943, Time: 00:45:12

Health: -5/102     AC: 13    Str: 22    XL:     11   Next: 42%
Magic:  10/10      EV: 20    Int:  7    God:    Trog [*****.]
Gold:   484        SH:  0    Dex: 20    Spells: 10/10 levels left

rFire    . . .     SeeInvis .   E - +3 hand axe of the Immovable Orbs {speed, rPois rC- Int+3}
rCold    x . .     Gourm    .   (no shield)
rNeg     . . .     Faith    .   w - +2 troll leather armour
rPois    +         Spirit   .   (helmet restricted)
rElec    .         Reflect  .   x - +1 cloak
rCorr    .         Harm     .   p - +1 pair of gloves
MR       ++...                  m - +2 pair of boots
Stlth    ++........             (no amulet)
HPRegen  1.67/turn              g - +3 ring of dexterity
MPRegen  0.12/turn              H - +4 ring of dexterity

@: regenerating
A: retaliatory headbutt, horns 2
a: Berserk, Trog's Hand, Brothers in Arms, Burn Spellbooks, Renounce Religion


You were on level 1 of the Orcish Mines.
You worshipped Trog.
Trog was extremely pleased with you.
You were not hungry.

You visited 3 branches of the dungeon, and saw 12 of its levels.

You collected 900 gold pieces.
You spent 416 gold pieces at shops.

Inventory:

Hand Weapons
 o - the +7 hand axe of Laceration {pain, MR+}
   (You bought it in a shop on level 1 of the Orcish Mines)

   In the hands of one skilled in necromantic magic, it inflicts extra damage on
   living creatures.
   It affects your resistance to hostile enchantments.
 E - the +3 hand axe of the Immovable Orbs (weapon) {speed, rPois rC- Int+3}
   (You bought it in a shop on level 7 of the Dungeon)

   Attacks with this weapon are significantly faster.
   It affects your intelligence (+3).
   It makes you vulnerable to cold.
   It protects you from poison.
 F - a +1 broad axe of chopping
Missiles
 k - 4 poisoned javelins (quivered)
Armour
 m - a +2 pair of boots (worn)
 p - a +1 pair of gloves (worn)
 w - a +2 troll leather armour (worn)
 x - a +1 cloak (worn)
Jewellery
 g - a +3 ring of dexterity (left hand)
 r - an uncursed ring of magical power
 A - a +2 ring of dexterity
 D - an uncursed ring of stealth
 G - an uncursed ring of magical power
 H - a +4 ring of dexterity (right hand)
Wands
 a - a wand of enslavement (9)
 y - a wand of acid (5)
 C - a wand of flame (20)
Scrolls
 e - 5 scrolls of identify
 f - 4 scrolls of amnesia
 h - 5 scrolls of enchant weapon
 i - 6 scrolls of teleportation
 j - 7 scrolls of remove curse
 t - 2 scrolls of fog
 v - 3 scrolls of blinking
Potions
 d - 3 potions of ambrosia
 l - 2 potions of lignification
 n - a potion of magic
 s - 2 potions of haste
 u - 4 potions of curing
 z - 3 potions of agility
 B - a potion of heal wounds
Comestibles
 b - 3 chunks of flesh
 c - 27 rations


   Skills:
 + Level 11.1 Fighting
 + Level 15.2 Axes
 - Level 2.5 Armour
 + Level 9.9 Dodging


You had 10 spell levels left.
You didn't know any spells.

Dungeon Overview and Level Annotations

Branches:
Dungeon (9/15)             Temple (1/1) D:6             Orc (2/2) D:9
   Lair: D:8-11         Elf: Orc:2

Altars:
Ashenzari
Cheibriados
Dithmenos
Elyvilon
Fedhas
Gozag
Hepliaklqana
Kikubaaqudgha
Makhleb
Nemelex Xobeh
Okawaru
Qazlal
Ru
Sif Muna
Trog
Uskayaw
Vehumet
Wu Jian
Xom
Yredelemnul
Zin
The Shining One

Shops:
D:7 *([   D:8 *   Orc:1 (

Annotations:
Orc:2 Donald, Saint Roka


Innate Abilities, Weirdness & Mutations

You reflexively headbutt those who attack you in melee.
You have a pair of horns on your head.


Message History

You headbutt the troll, but do no damage.
The troll completely misses you. x2
The orc warrior hits you with a hand axe of freezing!
* * * LOW HITPOINT WARNING * * *
The orc warrior freezes you.
* * * LOW HITPOINT WARNING * * *
The orc misses you. The orc warrior closely misses you.
You furiously retaliate!
You headbutt the orc warrior, but do no damage.
You barely miss the orc priest. Your headbutt misses the orc priest.
You hit the orc warrior. You slash the orc warrior!
You kill the orc warrior!
Trog accepts your kill.
You barely miss the orc warrior. You slash the orc!
You kill the orc!
Trog accepts your kill.
You barely miss the warg. You hit the troll. The warg closely misses you.
You furiously retaliate!
You headbutt the warg.
The orc warrior hits you with a battleaxe!!
You die...

###.##..........#.#.......[[[
##............................
#...........#...........#.....
##.#.#...................#.#..
######....................##..
##.###..............#.....####.
#...#..............##....## #.
##............oTh...#......#####
#...........#.o@[......##...#.#.
##....#.#.....)o).....##........
##.#.###..........#.....##.....##
#.....#....#........##.###...####
#....#...##..........### ##.##
##.####.##............# ### ###
#####........#..## #........#...#
#.........#.##


You could see a troll, a warg, 2 orc warriors and an orc priest.

Vanquished Creatures
  Josephine (Orc:1)
  A hydra (D:8)
  The ghost of Tali the Cleaver, a novice MiFi of Trog (D:9)
  A two-headed ogre (D:9)
  A gargoyle (D:7)
  2 kobold demonologists (D:7)
  2 trolls
  The ghost of zuik the Spear-Bearer, an amateur MfGl (D:4)
  2 dream sheep (D:8)
  A hippogriff (D:7)
  A shadow (D:7)
  2 wyverns
  2 yaks (D:8)
  3 wraiths (Orc:1)
  A vampire mosquito (D:9)
  A warg (Orc:1)
  Duvessa (D:7)
  A water moccasin (D:9)
  2 sky beasts
  7 orc warriors
  2 phantoms
  An ice beast (D:6)
  4 ogres
  2 centaurs
  3 big kobolds (D:8)
  3 bullfrogs
  A scorpion (D:7)
  Dowan (D:7)
  7 killer bees
  5 wights (D:6)
  2 vampire bats (D:4)
  A crimson imp (D:9)
  3 howler monkeys
  A quasit (D:7)
  A bullfrog zombie (D:7)
  5 hounds
  A jelly (D:5)
  2 centaur zombies
  Crazy Yiuf (D:3)
  A bullfrog skeleton (D:5)
  7 orc priests
  12 orc wizards
  Natasha (thrice) (D:3)
  Terence (D:3)
  3 iguanas (D:6)
  14 worker ants
  A killer bee zombie (D:5)
  2 hound zombies (D:7)
  A hound skeleton (D:7)
  Robin (D:2)
  5 gnolls
  11 adders
  4 shadow imps
  2 oozes
  3 adder skeletons
  2 worms
  2 dart slugs
  9 leopard geckos
  36 orcs
  3 bat skeletons (D:4)
  2 bat zombies (D:4)
  4 giant cockroaches
  18 goblins
  11 hobgoblins
  13 jackals
  4 quokkas
  2 ball pythons
  8 bats
  7 frilled lizards
  A jackal skeleton (D:7)
  2 jackal zombies
  10 kobolds
  A leopard gecko zombie (D:5)
  A quokka skeleton (D:7)
  11 rats
  A plant (D:8)
299 creatures vanquished.

Vanquished Creatures (others)
  An orc (Orc:2)
  A quokka (D:5)
  A fungus (Orc:2)
3 creatures vanquished.

Grand Total: 302 creatures vanquished

Notes
Turn   | Place    | Note
-------+----------+-------------------------------------------
     0 | D:1      | Yrqin the Minotaur Berserker began the quest for the Orb.
     0 | D:1      | Reached XP level 1. HP: 19/19 MP: 0/0
   100 | D:1      | Reached skill level 4 in Axes
   100 | D:1      | Reached XP level 2. HP: 21/27 MP: 1/1
   374 | D:1      | Found a shattered altar of Ashenzari.
   611 | D:1      | Reached ** piety under Trog
   801 | D:1      | Reached XP level 3. HP: 23/33 MP: 2/2
  1418 | D:2      | Found a hazy altar of Hepliaklqana.
  1631 | D:2      | Reached skill level 5 in Axes
  1788 | D:2      | Noticed Robin
  1795 | D:2      | Reached XP level 4. HP: 34/41 MP: 3/3
  1798 | D:2      | Killed Robin
  1986 | D:2      | Found a glowing golden altar of the Shining One.
  2123 | D:3      | Noticed Terence
  2131 | D:3      | Killed Terence
  2316 | D:3      | Reached XP level 5. HP: 39/47 MP: 4/4
  2468 | D:3      | Found a faded altar of an unknown god.
  2491 | D:3      | Noticed Natasha
  2494 | D:3      | Reached *** piety under Trog
  2502 | D:3      | Killed Natasha
  2502 | D:3      | Reached skill level 6 in Axes
  2851 | D:3      | Found a runed door.
  2856 | D:3      | Noticed Crazy Yiuf
  2859 | D:3      | Killed Crazy Yiuf
  2984 | D:3      | Noticed Natasha
  2992 | D:3      | Killed Natasha
  3026 | D:3      | Noticed Natasha
  3032 | D:3      | Killed Natasha
  3032 | D:3      | Reached XP level 6. HP: 42/55 MP: 5/5
  3150 | D:4      | Reached skill level 5 in Fighting
  3150 | D:4      | Reached skill level 7 in Axes
  3516 | D:4      | Noticed zuik's ghost (amateur MfGl)
  3529 | D:4      | Killed zuik's ghost
  3529 | D:4      | Reached skill level 8 in Axes
  3529 | D:4      | Reached XP level 7. HP: 61/61 MP: 6/6
  3618 | D:4      | Found an iron altar of Okawaru.
  3706 | D:4      | Found an ancient bone altar of Kikubaaqudgha.
  3922 | D:4      | Reached **** piety under Trog
  4050 | D:4      | Reached skill level 9 in Axes
  4050 | D:4      | Reached skill level 5 in Dodging
  4125 | D:5      | Entered Level 5 of the Dungeon
  4167 | D:5      | Reached XP level 8. HP: 60/70 MP: 7/7
  4446 | D:5      | Found a white marble altar of Elyvilon.
  4816 | D:5      | Reached skill level 10 in Axes
  5232 | D:5      | Found a burning altar of Makhleb.
  5985 | D:6      | Reached skill level 11 in Axes
  6031 | D:6      | Reached XP level 9. HP: 68/79 MP: 8/8
  6234 | D:6      | Reached ***** piety under Trog
  6450 | D:6      | Found a staircase to the Ecumenical Temple.
  6456 | Temple   | Entered the Ecumenical Temple
  6949 | D:7      | Noticed a gargoyle
  6956 | D:7      | Killed a gargoyle
  6956 | D:7      | Reached skill level 12 in Axes
  6967 | D:7      | Noticed a kobold demonologist
  6983 | D:7      | Received a gift from Trog
  6985 | D:7      | Killed a kobold demonologist
  7243 | D:7      | Found Nyifu's Antique Armour Shop.
  7247 | D:7      | Noticed a kobold demonologist
  7250 | D:7      | Noticed a soul eater
  7256 | D:7      | Noticed Dowan
  7261 | D:7      | Killed a kobold demonologist
  7264 | D:7      | Reached XP level 10. HP: 47/90 MP: 9/9
  7266 | D:7      | Killed Dowan
  7266 | D:7      | Reached skill level 13 in Axes
  7441 | D:7      | Noticed Duvessa
  7448 | D:7      | Killed Duvessa
  7750 | D:7      | Found Omymeb's Antique Weapon Shoppe.
  7758 | D:7      | Bought a warped hand axe for 208 gold pieces
  7758 | D:7      | Identified the +3 hand axe of the Immovable Orbs {speed, rPois rC- Int+3} (You bought it in a shop on level 7 of the Dungeon)
  7833 | D:7      | Found an ornate altar of the Wu Jian Council.
  7835 | D:7      | Found a stormy altar of Qazlal.
  7881 | D:7      | Found Darphior's General Store.
  8054 | D:7      | Found a shadowy altar of Dithmenos.
  8432 | D:7      | Found a bloodstained altar of Trog.
  8432 | D:7      | Found a snail-covered altar of Cheibriados.
  8667 | D:8      | Found Gaer's General Store.
  8878 | D:8      | Found an opulent altar of Gozag.
  9333 | D:8      | Noticed a three-headed hydra
  9346 | D:8      | Killed a three-headed hydra
  9346 | D:8      | Reached skill level 14 in Axes
  9718 | D:9      | Noticed Tali's ghost (novice MiFi)
  9734 | D:9      | Killed Tali's ghost
  9734 | D:9      | Reached skill level 10 in Fighting
  9803 | D:9      | Received a gift from Trog
 10072 | D:9      | Noticed a two-headed ogre
 10086 | D:9      | Killed a two-headed ogre
 10086 | D:9      | Reached XP level 11. HP: 31/101 MP: 10/10
 10111 | D:9      | HP: 1/101 [troll (12)]
 10397 | D:9      | Found a staircase to the Orcish Mines.
 10408 | Orc:1    | Entered Level 1 of the Orcish Mines
 10484 | Orc:1    | Found Setedgh's Antique Weapon Shoppe.
 10508 | Orc:1    | Reached skill level 15 in Axes
 10593 | Orc:1    | Bought a slimy hand axe for 208 gold pieces
 10593 | Orc:1    | Identified the +7 hand axe of Laceration {pain, MR+} (You bought it in a shop on level 1 of the Orcish Mines)
 10608 | Orc:1    | Noticed Josephine
 10630 | Orc:1    | Killed Josephine
 10912 | Orc:2    | Entered Level 2 of the Orcish Mines
 10912 | Orc:2    | Noticed Saint Roka
 10912 | Orc:2    | Noticed an orc knight
 10912 | Orc:2    | Noticed an orc sorcerer
 10914 | Orc:2    | Noticed Donald
 10914 | Orc:2    | Noticed an orc warlord
 10943 | Orc:1    | Slain by an orc warrior

Skill      XL: |  1  2  3  4  5  6  7  8  9 10 11 |
---------------+----------------------------------+-----
Axes           | 4 5 6 8 9 11 12 14 15 | 15.2
Fighting       | 4 5 6 7 8 10 11 | 11.1
Dodging        | 3 4 5 6 7 9 |  9.9
Armour         | |  2.5

Action                   |  1- 3 |  4- 6 |  7- 9 | 10-12 || total
-------------------------+-------+-------+-------+-------++-------
Melee: Hand axe          |    81 |   116 |   196 |   280 ||   673
       Headbutt          |    17 |    18 |    61 |    78 ||   174
       War axe           |       |       |    43 |       ||    43
       Broad axe         |       |       |    19 |    14 ||    33
Invok: Berserk           |     1 |     4 |     1 |     1 ||     7
       Trog's Hand       |       |     1 |       |     2 ||     3
       Burn Spellbooks   |       |       |       |     1 ||     1
  Use: Potion            |     5 |       |       |     6 ||    11
       Scroll            |     1 |     1 |     3 |    11 ||    16
 Stab: Sleeping          |       |       |     4 |       ||     4
       Distracted        |       |       |       |     1 ||     1
  Eat: Chunk             |     3 |     9 |    13 |    14 ||    39
Armor: Animal skin       |    10 |    17 |    51 |    29 ||   107
       Skin              |       |       |       |     2 ||     2
       Troll leather arm |       |       |       |    19 ||    19
Dodge: Dodged            |    61 |    78 |   200 |   191 ||   530
